2362 views
Uploaded 2022-04-09 18:21:01
Game version 1.32.10
38:06 long 1on1on1on1 ladder game on (4)Deathrose
Saved by ǢƂŎ
2362 views
Uploaded 2022-04-09 18:21:01
Game version 1.32.10
38:06 long 1on1on1on1 ladder game on (4)Deathrose

43 units @ 5.5k
/ 1.1k
21 buildings @ 4k
/ 2.1k



| Lesser Clarity Potion | 1 | 70 |
| Orb of Venom | 1 | 325 |
| Potion of Healing | 2 | 300 |
| total: | 4 | 695g |
| Wisp | 24 | 1440 | / | 0 |
| Archer | 2 | 260 | / | 20 |
| Huntress | 2 | 390 | / | 40 |
| Druid of the Claw | 3 | 765 | / | 240 |
| Chimaera | 5 | 1650 | / | 350 |
| Dryad | 7 | 1015 | / | 420 |
| total: | 43 | 5520g | / | 1070w |
| Altar of Elders | 1 | 180 | / | 50 |
| Moon Well | 8 | 1440 | / | 320 |
| Ancient of War | 1 | 150 | / | 60 |
| Hunter's Hall | 1 | 210 | / | 100 |
| Ancient of Wonders | 1 | 90 | / | 30 |
| Tree of Life | 3 | 1020 | / | 555 |
| Ancient of Lore | 3 | 465 | / | 435 |
| Chimaera Roost | 3 | 420 | / | 570 |
| Tree of Ages | 1 | 320 | / | 180 |
| Tree of Eternity | 1 | 330 | / | 200 |
| total: | 21 | 3975g | / | 2120w |
| 0:03 | Wisp |
| 0:03 | Wisp |
| 0:19 | Altar of Elders |
| 0:27 | Wisp |
| 0:33 | Moon Well |
| 0:41 | Wisp |
| 0:47 | Ancient of War |
| 0:56 | Wisp |
| 1:11 | Wisp |
| 1:24 | Wisp |
| 1:42 | Wisp |
| 1:46 | Wisp |
| 2:01 | Moon Well |
| 2:11 | Archer |
| 2:27 | Mana Burn |
| 2:34 | Hunter's Hall |
| 2:55 | Archer |
| 2:58 | Wisp |
| 2:58 | Wisp |
| 3:31 | Tree of Ages |
| 3:43 | Huntress |
| 4:12 | Ultravision |
| 4:18 | Huntress |
| 4:35 | Moon Well |
| 4:58 | Evasion |
| 5:28 | Ancient of Wonders |
| 5:36 | Strength of the Moon |
| 5:48 | Moon Well |
| 6:10 | Ancient of Lore |
| 6:20 | Ancient of Lore |
| 6:23 | Ancient of Lore |
| 6:39 | Tree of Eternity |
| 6:56 | Searing Arrows |
| 6:58 | Lesser Clarity Potion |
| 7:54 | Druid of the Claw |
| 8:06 | Strength of the Wild |
| 8:34 | Druid of the Claw Adept Training |
| 8:35 | Druid of the Claw |
| 9:10 | Druid of the Claw Master Training |
| 9:16 | Druid of the Claw |
| 9:54 | Mana Burn |
| 10:05 | Mark of the Claw |
| 10:20 | Chimaera Roost |
| 10:28 | Wisp |
| 10:29 | Wisp |
| 10:29 | Wisp |
| 10:36 | Moon Well |
| 10:38 | Moon Well |
| 11:11 | Chimaera Roost |
| 11:20 | Chimaera Roost |
| 11:33 | Moon Well |
| 11:37 | Moon Well |
| 11:51 | Chimaera |
| 11:59 | Wisp |
| 11:59 | Wisp |
| 12:14 | Trueshot Aura |
| 13:10 | Chimaera |
| 13:20 | Tree of Life |
| 13:35 | Wisp |
| 13:35 | Wisp |
| 14:30 | Corrosive Breath |
| 14:32 | Chimaera |
| 14:35 | Dryad |
| 14:58 | Wisp |
| 14:58 | Wisp |
| 15:29 | Orb of Venom |
| 16:21 | Searing Arrows |
| 16:38 | Chimaera |
| 16:43 | Wisp |
| 16:43 | Wisp |
| 16:46 | Wisp |
| 17:22 | Evasion |
| 18:17 | Dryad |
| 18:31 | Tree of Life |
| 19:07 | Tree of Life |
| 19:19 | Potion of Healing |
| 19:19 | Potion of Healing |
| 19:22 | Entangling Roots |
| 19:31 | Dryad |
| 19:33 | Abolish Magic |
| 20:16 | Trueshot Aura |
| 20:51 | Dryad |
| 20:56 | Chimaera |
| 21:23 | Dryad |
| 21:28 | Wisp |
| 21:58 | Dryad |
| 22:30 | Dryad |
| Right click | 368 |
| Select | 339 |
| Select group | 171 |
| Build/train/purchase | 80 |
| Use ability | 23 |
| Misc. action | 8 |
| Assign group | 5 |
| Item give/drop | 5 |
| Remove unit | 1 |
| Esc | 1 |
68 units @ 7.3k
/ 1.1k
30 buildings @ 5.6k
/ 3.2k



| Staff of Preservation | 3 | 450 |
| Potion of Healing | 4 | 600 |
| Orb of Venom | 2 | 650 |
| Lesser Clarity Potion | 3 | 210 |
| Potion of Mana | 1 | 200 |
| Anti-magic Potion | 2 | 200 |
| Dust of Appearance | 1 | 75 |
| Scroll of Town Portal | 5 | 1750 |
| Scroll of Healing | 3 | 750 |
| Staff of Teleportation | 1 | 150 |
| Boots of Speed | 3 | 750 |
| Periapt of Vitality | 1 | 325 |
| Scroll of Protection | 1 | 150 |
| total: | 30 | 6260g |
| Wisp | 45 | 2700 | / | 0 |
| Archer | 3 | 390 | / | 30 |
| Druid of the Talon | 7 | 1015 | / | 140 |
| Druid of the Claw | 7 | 1785 | / | 560 |
| Dryad | 2 | 290 | / | 120 |
| Chimaera | 3 | 990 | / | 210 |
| Hippogryph | 1 | 160 | / | 20 |
| total: | 68 | 7330g | / | 1080w |
| Ancient Protector | 4 | 540 | / | 320 |
| Altar of Elders | 1 | 180 | / | 50 |
| Moon Well | 7 | 1260 | / | 280 |
| Ancient of War | 1 | 150 | / | 60 |
| Hunter's Hall | 1 | 210 | / | 100 |
| Tree of Life | 5 | 1700 | / | 925 |
| Ancient of Wonders | 2 | 180 | / | 60 |
| Ancient of Wind | 4 | 600 | / | 560 |
| Ancient of Lore | 3 | 465 | / | 435 |
| Chimaera Roost | 2 | 280 | / | 380 |
| Tree of Ages | 1 | 320 | / | 180 |
| Tree of Eternity | 1 | 330 | / | 200 |
| total: | 30 | 5565g | / | 3170w |
| 0:01 | Wisp |
| 0:01 | Wisp |
| 0:02 | Altar of Elders |
| 0:18 | Moon Well |
| 0:19 | Wisp |
| 0:32 | Wisp |
| 0:35 | Ancient of War |
| 0:59 | Wisp |
| 1:01 | Wisp |
| 1:15 | Wisp |
| 1:22 | Moon Well |
| 1:38 | Archer |
| 1:40 | Wisp |
| 1:45 | Wisp |
| 2:06 | Fan of Knives |
| 2:08 | Wisp |
| 2:10 | Moon Well |
| 2:30 | Wisp |
| 2:30 | Wisp |
| 2:33 | Archer |
| 2:46 | Archer |
| 2:50 | Shadow Strike |
| 3:01 | Wisp |
| 3:03 | Wisp |
| 3:03 | Wisp |
| 3:44 | Tree of Ages |
| 3:48 | Hunter's Hall |
| 4:29 | Tree of Life |
| 5:13 | Shadow Strike |
| 5:15 | Strength of the Wild |
| 5:15 | Ultravision |
| 5:25 | Ancient of Wonders |
| 5:29 | Moon Well |
| 6:08 | Tree of Life |
| 6:18 | Ancient of Wind |
| 6:22 | Ancient of Wind |
| 6:37 | Wisp |
| 6:37 | Wisp |
| 6:39 | Breath of Fire |
| 6:47 | Wisp |
| 6:51 | Staff of Preservation |
| 6:56 | Dust of Appearance |
| 7:13 | Fan of Knives |
| 7:31 | Wisp |
| 7:34 | Druid of the Talon Adept Training |
| 7:35 | Druid of the Talon |
| 7:41 | Potion of Healing |
| 7:51 | Wisp |
| 8:02 | Druid of the Talon |
| 8:19 | Tree of Eternity |
| 8:23 | Druid of the Talon |
| 8:47 | Ancient of Lore |
| 8:50 | Wisp |
| 8:50 | Wisp |
| 8:51 | Wisp |
| 8:51 | Wisp |
| 8:51 | Wisp |
| 8:55 | Druid of the Talon |
| 9:24 | Moon Well |
| 9:28 | Ancient Protector |
| 9:42 | Ancient of Lore |
| 10:06 | Ancient Protector |
| 10:08 | Druid of the Claw Adept Training |
| 10:30 | Improved Strength of the Wild |
| 10:40 | Nature's Blessing |
| 10:43 | Druid of the Claw Master Training |
| 10:43 | Druid of the Talon Master Training |
| 10:46 | Well Spring |
| 10:48 | Advanced Strength of the Wild |
| 11:01 | Silence |
| 11:21 | Druid of the Claw |
| 12:16 | Druid of the Claw |
| 12:21 | Wisp |
| 12:22 | Wisp |
| 12:22 | Wisp |
| 12:47 | Staff of Preservation |
| 12:58 | Orb of Venom |
| 13:02 | Lesser Clarity Potion |
| 13:03 | Potion of Mana |
| 13:11 | Wisp |
| 13:14 | Wisp |
| 13:14 | Wisp |
| 13:14 | Wisp |
| 13:23 | Scroll of Town Portal |
| 13:24 | Potion of Healing |
| 13:33 | Wisp |
| 13:42 | Tree of Life |
| 14:21 | Mark of the Claw |
| 14:21 | Abolish Magic |
| 14:22 | Mark of the Talon |
| 14:23 | Wisp |
| 14:23 | Wisp |
| 14:24 | Wisp |
| 14:32 | Drunken Haze |
| 14:36 | Life Drain |
| 15:26 | Scroll of Town Portal |
| 15:27 | Staff of Preservation |
| 15:28 | Chimaera Roost |
| 15:33 | Ancient Protector |
| 15:35 | Ancient Protector |
| 15:36 | Wisp |
| 15:37 | Chimaera Roost |
| 15:46 | Druid of the Claw |
| 16:14 | Wisp |
| 16:14 | Wisp |
| 16:16 | Reinforced Hides |
| 16:19 | Ancient of Lore |
| 16:28 | Dryad |
| 16:30 | Moon Well |
| 17:01 | Druid of the Claw |
| 17:16 | Staff of Teleportation |
| 17:17 | Boots of Speed |
| 17:21 | Scroll of Healing |
| 17:21 | Scroll of Healing |
| 17:22 | Periapt of Vitality |
| 17:39 | Chimaera |
| 17:42 | Improved Reinforced Hides |
| 17:51 | Tree of Life |
| 17:57 | Wisp |
| 18:37 | Chimaera |
| 18:43 | Moon Well |
| 19:45 | Corrosive Breath |
| 19:58 | Boots of Speed |
| 20:00 | Scroll of Healing |
| 20:05 | Boots of Speed |
| 20:06 | Scroll of Protection |
| 20:08 | Wisp |
| 20:12 | Wisp |
| 20:16 | Wisp |
| 20:33 | Druid of the Claw |
| 20:39 | Wisp |
| 21:05 | Orb of Venom |
| 21:15 | Druid of the Claw |
| 21:51 | Chimaera |
| 22:09 | Silence |
| 22:19 | Scroll of Town Portal |
| 22:25 | Druid of the Talon |
| 22:42 | Druid of the Claw |
| 23:16 | Fan of Knives |
| 23:16 | Breath of Fire |
| 23:37 | Druid of the Talon |
| 23:44 | Druid of the Talon |
| 23:48 | Ancient of Wind |
| 23:50 | Ancient of Wind |
| 24:06 | Scroll of Town Portal |
| 24:06 | Anti-magic Potion |
| 24:09 | Lesser Clarity Potion |
| 24:14 | Anti-magic Potion |
| 24:45 | Potion of Healing |
| 24:47 | Potion of Healing |
| 25:16 | Wisp |
| 25:18 | Tree of Life |
| 26:20 | Hippogryph |
| 26:25 | Lesser Clarity Potion |
| 26:54 | Scroll of Town Portal |
| 27:02 | Dryad |
| 35:03 | Ancient of Wonders |
| Right click | 3759 |
| Select group | 3040 |
| Select | 1556 |
| Chat | 608 |
| Build/train/purchase | 300 |
| Use ability | 239 |
| Assign group | 56 |
| Esc | 9 |
| Misc. action | 8 |
| Item give/drop | 8 |
| Remove unit | 2 |
56 units @ 7.2k
/ 0.9k
21 buildings @ 3.9k
/ 1.4k



| Healing Salve | 4 | 400 |
| Scroll of Speed | 2 | 100 |
| Lesser Clarity Potion | 3 | 210 |
| Potion of Mana | 3 | 600 |
| Orb of Lightning | 1 | 375 |
| Scroll of Town Portal | 1 | 350 |
| Periapt of Vitality | 1 | 325 |
| Belt of Giant Strength +6 | 1 | 400 |
| Sobi Mask | 1 | 400 |
| Mantle of Intelligence +3 | 1 | 100 |
| Amulet of the Wild | 1 | 700 |
| total: | 19 | 3960g |
| Peon | 20 | 1500 | / | 0 |
| Troll Headhunter | 9 | 1260 | / | 180 |
| Shaman | 8 | 1040 | / | 160 |
| Troll Witch Doctor | 6 | 870 | / | 150 |
| Troll Berserker | 7 | 980 | / | 140 |
| Kodo Beast | 1 | 255 | / | 60 |
| Wind Rider | 5 | 1325 | / | 200 |
| total: | 56 | 7230g | / | 890w |
| Orc Burrow | 8 | 1280 | / | 320 |
| Altar of Storms | 1 | 180 | / | 50 |
| War Mill | 2 | 410 | / | 0 |
| Barracks | 3 | 540 | / | 150 |
| Voodoo Lounge | 2 | 260 | / | 60 |
| Great Hall | 2 | 770 | / | 370 |
| Spirit Lodge | 2 | 300 | / | 300 |
| Beastiary | 1 | 145 | / | 140 |
| Stronghold | 2 | 630 | / | 380 |
| Fortress | 1 | 325 | / | 190 |
| total: | 21 | 3885g | / | 1390w |
| 0:06 | Peon |
| 0:06 | Peon |
| 0:07 | Peon |
| 0:24 | Orc Burrow |
| 0:37 | Altar of Storms |
| 0:42 | Peon |
| 0:53 | War Mill |
| 0:55 | Peon |
| 1:00 | Peon |
| 1:10 | Barracks |
| 1:17 | Peon |
| 1:24 | Peon |
| 1:24 | Peon |
| 1:42 | Orc Burrow |
| 1:49 | Peon |
| 2:11 | Troll Headhunter |
| 2:28 | Troll Headhunter |
| 2:34 | Voodoo Lounge |
| 2:39 | Mirror Image |
| 2:46 | Troll Headhunter |
| 3:14 | Stronghold |
| 3:32 | Troll Headhunter |
| 4:10 | Critical Strike |
| 4:13 | Great Hall |
| 4:26 | Troll Headhunter |
| 4:31 | Orc Burrow |
| 4:42 | Troll Headhunter |
| 4:48 | Healing Salve |
| 5:15 | Mirror Image |
| 6:02 | Fortress |
| 6:12 | Troll Regeneration |
| 6:23 | Barracks |
| 6:37 | Hex |
| 6:44 | Healing Salve |
| 6:44 | Healing Salve |
| 6:44 | Scroll of Speed |
| 6:45 | Lesser Clarity Potion |
| 6:48 | Critical Strike |
| 7:05 | Spirit Lodge |
| 7:08 | Steel Ranged Weapons |
| 7:08 | Steel Armor |
| 7:38 | Troll Headhunter |
| 7:54 | Troll Headhunter |
| 8:00 | Spirit Lodge |
| 8:22 | Troll Headhunter |
| 8:22 | Shaman |
| 8:25 | Berserker Upgrade |
| 8:29 | Peon |
| 8:29 | Peon |
| 8:29 | Peon |
| 9:06 | Peon |
| 9:06 | Peon |
| 9:09 | Peon |
| 9:25 | Orc Burrow |
| 9:56 | Shaman |
| 9:57 | Shaman Adept Training |
| 10:00 | War Stomp |
| 10:14 | Orc Burrow |
| 10:15 | Orc Burrow |
| 10:36 | Orc Burrow |
| 11:50 | Shaman Master Training |
| 11:51 | Troll Witch Doctor |
| 11:51 | Witch Doctor Adept Training |
| 12:20 | Thorium Ranged Weapons |
| 12:41 | Troll Berserker |
| 12:42 | Shaman |
| 12:43 | Troll Witch Doctor |
| 13:19 | Peon |
| 13:20 | Peon |
| 13:20 | Peon |
| 13:20 | Peon |
| 13:21 | War Mill |
| 13:36 | Belt of Giant Strength +6 |
| 13:38 | Sobi Mask |
| 13:39 | Mantle of Intelligence +3 |
| 13:40 | Periapt of Vitality |
| 13:48 | Witch Doctor Master Training |
| 13:57 | Potion of Mana |
| 13:57 | Potion of Mana |
| 14:00 | Potion of Mana |
| 14:01 | Lesser Clarity Potion |
| 14:02 | Orb of Lightning |
| 14:05 | Healing Salve |
| 14:05 | Lesser Clarity Potion |
| 14:05 | Scroll of Speed |
| 14:28 | Beastiary |
| 14:55 | Troll Berserker |
| 15:34 | Troll Witch Doctor |
| 15:35 | Shaman |
| 15:36 | Troll Berserker |
| 15:37 | Kodo Beast |
| 15:37 | War Drums Damage Increase |
| 16:32 | Amulet of the Wild |
| 16:53 | Thorium Armor |
| 16:56 | Orc Burrow |
| 18:39 | Wind Rider |
| 18:46 | Healing Wave |
| 18:47 | Endurance Aura |
| 18:55 | Wind Rider |
| 18:58 | Troll Witch Doctor |
| 19:51 | Troll Witch Doctor |
| 19:51 | Shaman |
| 20:04 | Wind Rider |
| 20:25 | Wind Rider |
| 20:27 | Troll Berserker |
| 20:29 | Arcanite Ranged Weapons |
| 20:43 | Scroll of Town Portal |
| 21:44 | Critical Strike |
| 22:11 | Critical Strike |
| 22:12 | Healing Wave |
| 22:13 | War Stomp |
| 23:43 | Wind Rider |
| 23:46 | Troll Berserker |
| 24:08 | Troll Berserker |
| 24:11 | Shaman |
| 24:12 | Shaman |
| 25:17 | Troll Berserker |
| 25:18 | Shaman |
| 25:18 | Troll Witch Doctor |
| 25:40 | Voodoo Lounge |
| 31:44 | Hex |
| 31:46 | Endurance Aura |
| 33:33 | Bladestorm |
| 35:55 | Great Hall |
| 37:14 | Barracks |
| Right click | 2071 |
| Select group | 1798 |
| Chat | 1357 |
| Select | 1289 |
| Misc. action | 568 |
| Build/train/purchase | 217 |
| Use ability | 170 |
| Assign group | 78 |
| Esc | 4 |
| Item give/drop | 2 |
46 units @ 7.2k
/ 1.1k
36 buildings @ 5.7k
/ 3k



| Healing Salve | 6 | 600 |
| Tiny Great Hall | 1 | 600 |
| Orb of Lightning | 2 | 750 |
| Scroll of Town Portal | 1 | 350 |
| Potion of Lesser Invulnerability | 1 | 150 |
| Boots of Speed | 2 | 500 |
| The Lion Horn of Stormwind | 1 | 400 |
| Crown of Kings +5 | 1 | 1000 |
| total: | 15 | 4350g |
| Peon | 19 | 1425 | / | 0 |
| Wind Rider | 9 | 2385 | / | 360 |
| Tauren | 5 | 1400 | / | 400 |
| Raider | 3 | 540 | / | 120 |
| Shaman | 5 | 650 | / | 100 |
| Troll Witch Doctor | 3 | 435 | / | 75 |
| Spirit Walker | 2 | 390 | / | 70 |
| total: | 46 | 7225g | / | 1125w |
| Watch Tower | 8 | 880 | / | 640 |
| Altar of Storms | 1 | 180 | / | 50 |
| Orc Burrow | 11 | 1760 | / | 440 |
| Voodoo Lounge | 2 | 260 | / | 60 |
| War Mill | 2 | 410 | / | 0 |
| Great Hall | 2 | 770 | / | 370 |
| Beastiary | 4 | 580 | / | 560 |
| Spirit Lodge | 2 | 300 | / | 300 |
| Tauren Totem | 4 | 540 | / | 620 |
| Stronghold | 1 | 315 | / | 190 |
| Fortress | 1 | 325 | / | 190 |
| total: | 36 | 5680g | / | 3040w |
| 0:03 | Peon |
| 0:03 | Peon |
| 0:23 | Altar of Storms |
| 0:28 | Peon |
| 0:34 | Orc Burrow |
| 0:36 | Peon |
| 0:50 | Peon |
| 1:09 | Peon |
| 1:31 | Peon |
| 1:43 | Peon |
| 2:04 | Voodoo Lounge |
| 2:05 | Stronghold |
| 2:13 | Orc Burrow |
| 2:23 | War Stomp |
| 3:16 | Healing Salve |
| 3:16 | Healing Salve |
| 3:36 | Orc Burrow |
| 4:37 | Beastiary |
| 4:45 | Howl of Terror |
| 4:50 | Beastiary |
| 4:56 | Orc Burrow |
| 5:13 | Endurance Aura |
| 5:43 | Wind Rider |
| 5:47 | Healing Salve |
| 5:48 | Healing Salve |
| 5:53 | Wind Rider |
| 6:18 | Fortress |
| 6:20 | Wind Rider |
| 6:39 | Wind Rider |
| 7:08 | Cleaving Attack |
| 7:18 | Wind Rider |
| 7:46 | War Stomp |
| 8:01 | Spirit Lodge |
| 8:04 | Spirit Lodge |
| 8:10 | War Mill |
| 8:21 | Healing Salve |
| 8:41 | Tiny Great Hall |
| 9:12 | Howl of Terror |
| 9:27 | Witch Doctor Adept Training |
| 9:28 | Shaman Adept Training |
| 9:31 | Tauren Totem |
| 9:39 | Peon |
| 9:39 | Peon |
| 9:39 | Peon |
| 10:18 | Potion of Lesser Invulnerability |
| 10:39 | Peon |
| 10:39 | Peon |
| 10:39 | Peon |
| 11:00 | Orb of Lightning |
| 11:00 | Healing Salve |
| 11:04 | Tauren |
| 11:04 | Tauren |
| 11:07 | Orc Burrow |
| 11:09 | Witch Doctor Master Training |
| 11:10 | Shaman Master Training |
| 11:26 | Ensnare |
| 11:27 | Raider |
| 12:05 | Orc Burrow |
| 12:08 | Peon |
| 12:09 | Peon |
| 12:32 | Shaman |
| 12:33 | Troll Witch Doctor |
| 12:35 | Orc Burrow |
| 13:04 | Endurance Aura |
| 13:46 | Shaman |
| 13:49 | Tauren |
| 14:02 | Cleaving Attack |
| 14:37 | Troll Witch Doctor |
| 15:01 | War Mill |
| 15:15 | Pulverize |
| 15:44 | Orb of Lightning |
| 16:03 | Hex |
| 16:40 | Wind Rider |
| 16:45 | War Stomp |
| 17:46 | Orc Burrow |
| 17:47 | Orc Burrow |
| 18:06 | Shaman |
| 18:07 | Shaman |
| 18:34 | Envenomed Spears |
| 18:38 | Reinforced Defenses |
| 18:42 | Orc Burrow |
| 18:49 | Watch Tower |
| 18:56 | Shaman |
| 19:04 | Healing Wave |
| 19:08 | Raider |
| 19:13 | Troll Witch Doctor |
| 19:29 | Raider |
| 20:25 | Healing Wave |
| 20:35 | Reincarnation |
| 20:46 | Hex |
| 21:13 | Voodoo Lounge |
| 21:34 | Tauren Totem |
| 21:52 | Howl of Terror |
| 22:01 | The Lion Horn of Stormwind |
| 22:10 | Pillage |
| 22:13 | Steel Armor |
| 22:13 | Steel Melee Weapons |
| 23:27 | Tauren |
| 23:28 | Tauren Totem |
| 23:46 | Peon |
| 24:24 | Orc Burrow |
| 25:00 | Healing Wave |
| 25:07 | Tauren |
| 25:08 | Spirit Walker Adept Training |
| 25:13 | Tauren Totem |
| 25:30 | Thorium Armor |
| 25:38 | Peon |
| 26:02 | Wind Rider |
| 26:03 | War Drums Damage Increase |
| 26:12 | Scroll of Town Portal |
| 26:27 | Boots of Speed |
| 26:34 | Great Hall |
| 26:40 | Great Hall |
| 26:56 | Watch Tower |
| 27:21 | Spirit Walker Master Training |
| 27:22 | Spirit Walker |
| 27:23 | Spirit Walker |
| 28:19 | Endurance Aura |
| 29:53 | Wind Rider |
| 29:53 | Wind Rider |
| 30:00 | Watch Tower |
| 31:14 | Watch Tower |
| 31:28 | Peon |
| 31:30 | Watch Tower |
| 31:53 | Liquid Fire |
| 31:57 | Beastiary |
| 32:35 | Watch Tower |
| 32:37 | Watch Tower |
| 33:22 | Boots of Speed |
| 33:33 | Beastiary |
| 35:07 | Watch Tower |
| 35:48 | Crown of Kings +5 |
| Right click | 1566 |
| Select | 703 |
| Select group | 673 |
| Build/train/purchase | 147 |
| Misc. action | 109 |
| Use ability | 92 |
| Assign group | 34 |
| Chat | 21 |
| Item give/drop | 13 |
| Esc | 4 |
⇛